 Dungeon Sprint DCSS version 0.19.1-1-g22dce08 (webtiles) character file.

842 dvd the Basher (level 7, -19/81 HPs)
             Began as a Troll Berserker on Jan 3, 2017.
             Was a High Priest of Trog.
             Demolished by a shadow (34 damage)
             ... in the Dungeon (Sprint III: "The Ten Rune Challenge").
             The game lasted 00:02:44 (541 turns).

dvd the Basher (Troll Berserker)                     Turns: 541, Time: 00:02:45

Health: -19/81     AC:  1    Str: 26    XL:     7   Next: 67%
Magic:  6/6        EV: 13    Int:  3    God:    Trog [*****.]
Gold:   40         SH:  0    Dex: 11    Spells: 0 memorised, 6 levels left

rFire  . . .     SeeInvis .     j - +1 long sword (holy)
rCold  . . .     Gourm    +     b - +0 animal skin
rNeg   . . .     Faith    .     (no shield)
rPois  .         Spirit   .     (helmet restricted)
rElec  .         Reflect  .     (no cloak)
rCorr  .         Harm     .     (gloves unavailable)
MR     .....     NoTele   +     (boots unavailable)
Stlth  +.........               (no amulet)
                                (no ring)
                                (no ring)

@: corroded
A: unfitting armour, claws 3, fast metabolism 3, gourmand, regeneration 1,
shaggy fur 1, tough skin 2
a: Berserk, Trog's Hand, Brothers in Arms, Burn Spellbooks, Renounce Religion


You were in the Dungeon.
You worshipped Trog.
Trog was extremely pleased with you.
You were very full.

You visited 1 branch You collected 40 gold pieces.

Inventory:

Hand Weapons
 a - a +0 mace
 j - a +1 long sword of holy wrath (weapon)
Missiles
 r - 3 needles of frenzy
Armour
 b - a +0 animal skin (worn)
Wands
 q - a wand of digging (3/24)
Scrolls
 i - a scroll of blinking
 k - 2 scrolls of immolation {unknown}
 l - a scroll of identify {unknown}
 m - 3 scrolls of remove curse
 p - a scroll of magic mapping {unknown}
Potions
 d - a potion of curing
 e - 2 potions of heal wounds
 f - a potion of haste
 g - 2 potions of magic
 h - a potion of cure mutation
 o - 3 potions of flight
Comestibles
 c - 3 bread rations
 n - a royal jelly


   Skills:
 + Level 8.3 Fighting
 + Level 0.8 Long Blades
 + Level 10.3 Maces & Flails
 + Level 7.8 Dodging
 + Level 0.5 Stealth


You had 6 spell levels left.
You didn't know any spells.

Dungeon Overview and Level Annotations

Branches:
Dungeon (1/1)

Altars:
Dithmenos
Elyvilon
Kikubaaqudgha
Okawaru
Ru
Sif Muna
Trog
Uskayaw
Vehumet
Yredelemnul
Zin
The Shining One
Beogh


Innate Abilities, Weirdness & Mutations

You are too large for most types of armour.
You have claws for hands.
Your metabolism is lightning-fast.
You like to eat raw meat.
Your natural rate of healing is unusually fast.
You are covered in fur. (AC +1)
You have very tough skin. (AC +2)


Message History

The shadow flickers and vanishes!
Deactivating autopickup; reactivate with Ctrl-A.
The jelly barely misses you.
The shadow strikes at you from the darkness!
* * * LOW HITPOINT WARNING * * *
Reactivating autopickup.
You hit the shadow but do no damage.
The shadow is almost destroyed.
The shadow misses you.
You hit the shadow but do no damage.
The shadow is almost destroyed.
The jelly closely misses you.
You riposte.
You hit the jelly.
The jelly is heavily wounded.
The shadow slips into darkness.
The shadow flickers and vanishes!
Deactivating autopickup; reactivate with Ctrl-A.
The jelly barely misses you.
You riposte.
You hit the jelly.
The jelly is severely wounded.
The shadow strikes at you from the darkness!
You die...

▓▓▓ ###
##.############
..#####..#___#__[#__#
...#..#..#...#__.#._#
...#..#..###'#'###)##
#..##'#..#.......J..#
#..###...'.⌠....@{..#
..####...#...######'#
..###....#.⌠.# #...#
..##.....#...# #...#
..#......#'### #...#
##.#.....#)).# #..%+
####....#___# +...#
▓▓▓▓▓▓▓▓▓▓ ▓▓▓▓▓


You could see a jelly.

Vanquished Creatures
  A deep elf mage (D)
  A necrophage (D)
  A water elemental (D)
  A wizard (D)
  A necromancer (D)
  3 humans (D)
  A kobold demonologist (D)
  An ooze (D)
  A phantom (D)
  3 rats (D)
14 creatures vanquished.

Vanquished Creatures (others)
  2 draconian scorchers (D)
  A yaktaur (D)
  6 hellions (D)
  4 plants (D)
13 creatures vanquished.

Grand Total: 27 creatures vanquished

Notes
Turn   | Place    | Note
-------+----------+-------------------------------------------
     0 | D        | dvd the Troll Berserker began the quest for the Orb.
     0 | D        | Reached XP level 1. HP: 22/22 MP: 0/0
    10 | D        | Reached skill level 3 in Maces & Flails
    83 | D        | Reached ** piety under Trog
    93 | D        | Killed a hellion
    93 | D        | Killed a hellion
    93 | D        | Killed a hellion
    94 | D        | Killed a hellion
    95 | D        | Killed a hellion
   104 | D        | Reached skill level 4 in Maces & Flails
   104 | D        | Reached XP level 2. HP: 31/31 MP: 1/1
   107 | D        | Reached XP level 3. HP: 39/39 MP: 2/2
   126 | D        | Killed a hellion
   132 | D        | Killed a yaktaur
   133 | D        | Killed a white draconian scorcher
   144 | D        | Killed a white draconian scorcher
   154 | D        | Gained mutation: Armour fits poorly on your strangely shaped body. [potion of mutation]
   154 | D        | Gained mutation: You tend to lose your temper in combat. [potion of mutation]
   154 | D        | Gained mutation: You are weak. (Str -2) [potion of mutation]
   155 | D        | Gained mutation: You are partially covered in iridescent scales. (AC +2) [potion of mutation]
   155 | D        | Gained mutation: You are dopey. (Int -2) [potion of mutation]
   156 | D        | Lost mutation: You are weak. (Str -2) [potion of cure mutation]
   156 | D        | Lost mutation: Armour fits poorly on your strangely shaped body. [potion of cure mutation]
   156 | D        | Lost mutation: You are dopey. (Int -2) [potion of cure mutation]
   156 | D        | Lost mutation: You are partially covered in iridescent scales. (AC +2) [potion of cure mutation]
   156 | D        | Lost mutation: You tend to lose your temper in combat. [potion of cure mutation]
   169 | D        | Noticed a water elemental
   173 | D        | Killed a water elemental
   173 | D        | Reached *** piety under Trog
   173 | D        | Reached skill level 5 in Maces & Flails
   173 | D        | Reached XP level 4. HP: 49/49 MP: 3/3
   233 | D        | Found a hide-covered altar of Uskayaw.
   233 | D        | Found a roughly hewn altar of Beogh.
   233 | D        | Found an iron altar of Okawaru.
   233 | D        | Found a bloodstained altar of Trog.
   233 | D        | Noticed a human
   234 | D        | Noticed a human
   238 | D        | Killed a human
   238 | D        | Reached skill level 5 in Fighting
   238 | D        | Reached skill level 7 in Maces & Flails
   238 | D        | Reached skill level 5 in Dodging
   238 | D        | Reached XP level 5. HP: 59/59 MP: 4/4
   246 | D        | Killed a human
   246 | D        | Reached skill level 8 in Maces & Flails
   246 | D        | Reached XP level 6. HP: 21/68 MP: 5/5
   322 | D        | Found a glowing silver altar of Zin.
   322 | D        | Found a glowing golden altar of the Shining One.
   322 | D        | Found a white marble altar of Elyvilon.
   323 | D        | Noticed a deep elf mage
   330 | D        | Killed a deep elf mage
   330 | D        | Reached **** piety under Trog
   330 | D        | Reached skill level 10 in Maces & Flails
   330 | D        | Reached XP level 7. HP: 43/79 MP: 6/6
   374 | D        | Found a basalt altar of Yredelemnul.
   374 | D        | Found a shadowy altar of Dithmenos.
   374 | D        | Found a sacrificial altar of Ru.
   453 | D        | Found a radiant altar of Vehumet.
   453 | D        | Found a deep blue altar of Sif Muna.
   453 | D        | Found an ancient bone altar of Kikubaaqudgha.
   456 | D        | Reached ***** piety under Trog
   456 | D        | Received a gift from Trog
   460 | D        | Noticed a ynoxinul
   461 | D        | Noticed a sun demon
   528 | D        | Noticed a shadow
   541 | D        | Demolished by a shadow

Skill      XL: |  1  2  3  4  5  6  7 |
---------------+----------------------+-----
Maces & Flails | 4 5 7 8 10 | 10.3
Dodging        | 3 4 5 6 7 |  7.8
Fighting       | 3 4 5 6 7 8 |  8.3
Long Blades    | |  0.8
Stealth        | |  0.5

Action                   |  1- 3 |  4- 6 |  7- 9 || total
-------------------------+-------+-------+-------++-------
Melee: Mace              |    20 |    16 |       ||    36
       Long sword        |       |       |    28 ||    28
Invok: Berserk           |     1 |     2 |       ||     3
       Burn Spellbooks   |       |       |     1 ||     1
  Use: Potion            |     4 |       |       ||     4
 Stab: Sleeping          |     1 |       |       ||     1
  Eat: Chunk             |     6 |     3 |     3 ||    12
Armor: Animal skin       |     4 |       |     7 ||    11
Dodge: Dodged            |     8 |     6 |    18 ||    32
       Rpst.: Long sword |       |       |     7 ||     7
